 Dungeon Crawl Stone Soup version 0.28-a0-1447-ga5a8893891 (webtiles) character file.

Game seed: 14382691393201210091

46 Shayle the Grasshopper (level 3, -4/31 HPs)
             Began as a Gnoll Warper on Jan 10, 2022.
             Slain by Terence (8 damage)
             ... on level 2 of the Dungeon.
             The game lasted 00:03:16 (1499 turns).

Shayle the Grasshopper (Gnoll Warper)               Turns: 1499, Time: 00:03:16

Health: -4/31      AC:  3    Str: 10    XL:     3   Next: 68%
Magic:  9/9        EV: 13    Int: 18    God:
Gold:   80         SH:  0    Dex: 13    Spells: 12/12 levels left

rFire   . . .      SeeInvis .     - Unarmed
rCold   . . .      Faith    .   (no shield)
rNeg    . . .      Spirit   .   a - +0 leather armour
rPois   .          Reflect  .   (no helmet)
rElec   .          Harm     .   (no cloak)
rCorr   .          Rampage  .   (no gloves)
Will    .....                   (no boots)
Stlth   +.........              (no amulet)
HPRegen 0.10/turn               i - +6 ring of intelligence
MPRegen 0.11/turn               (no ring)

@: no status effects
A: fangs 1, strong nose, distributed training
a: no special abilities


You were on level 2 of the Dungeon.
You visited 1 branch of the dungeon, and saw 2 of its levels.

You collected 80 gold pieces.

Inventory:

Missiles
 c - 4 boomerangs of dispersal (quivered)
 g - 2 javelins
Armour
 a - a +0 leather armour (worn)
Jewellery
 i - a +6 ring of intelligence (left hand)
Scrolls
 b - 2 scrolls of blinking
 h - a scroll of fear {unknown}
 j - a scroll of identify {unknown}
Potions
 d - a potion of cancellation {unknown}
 e - a potion of flight {unknown}
 f - a potion of degeneration {unknown}


   Skills:
 + Level 4.5 Fighting
 + Level 0.9 Short Blades
 + Level 0.9 Long Blades
 + Level 0.9 Axes
 + Level 0.9 Maces & Flails
 + Level 0.9 Polearms
 + Level 0.9 Staves
 + Level 0.9 Slings
 + Level 0.9 Bows
 + Level 0.9 Crossbows
 + Level 2.6 Throwing
 + Level 2.6 Armour
 + Level 4.5 Dodging
 + Level 0.9 Stealth
 + Level 0.9 Shields
 + Level 4.5 Unarmed Combat
 + Level 5.0 Spellcasting
 + Level 0.6 Conjurations
 + Level 0.6 Hexes
 + Level 0.6 Summonings
 + Level 0.6 Necromancy
 + Level 5.4 Translocations
 + Level 0.6 Transmutations
 + Level 0.6 Fire Magic
 + Level 0.6 Ice Magic
 + Level 0.6 Air Magic
 + Level 0.6 Earth Magic
 + Level 0.6 Poison Magic
 + Level 1.0 Invocations
 + Level 0.9 Evocations


You had 12 spell levels left.
You didn't know any spells.
Your spell library contained the following spells:

 Spells                   Type           Power      Damage    Failure   Level
 Blink                    Tloc           48%        N/A       2%          2
 Gell's Gravitas          Tloc           24%        N/A       5%          3
 Lesser Beckoning         Tloc           24%        N/A       5%          3
 Teleport Other           Tloc           24%        N/A       5%          3
 Manifold Assault         Tloc           24%        N/A       45%         5


Dungeon Overview and Level Annotations

Branches:
Dungeon (2/15)

Altars:

Annotations:
D:2 Terence


Innate Abilities, Weirdness & Mutations

You have very sharp teeth.
Your uncanny sense of smell can sniff out nearby items.
Your experience applies equally to all skills.


Message History

Terence closely misses you.
You closely miss Terence. You barely miss Terence.
Terence hits you with a +0 mace.
You hit Terence but do no damage. Terence barely misses you.
You hit Terence but do no damage. You bite Terence, but do no damage.
Terence closely misses you.
You barely miss Terence. Your bite misses Terence. Terence barely misses you.
You hit Terence but do no damage. Terence barely misses you.
You hit Terence but do no damage. Terence hits you with a +0 mace.
You completely miss Terence. Terence hits you with a +0 mace!
You closely miss Terence. Terence hits you with a +0 mace.
You hit Terence.
Terence is lightly wounded.
Terence barely misses you.
You hit Terence. You bite Terence, but do no damage.
Terence is moderately wounded.
Terence closely misses you.
You hit Terence.
Terence is moderately wounded.
Terence hits you with a +0 mace.
You punch Terence!
Terence is severely wounded.
You hit Terence.
Terence is almost dead.
Terence hits you with a +0 mace!
* * * LOW HITPOINT WARNING * * *
You barely miss Terence.
Terence is almost dead.
Terence hits you with a +0 mace.
* * * LOW HITPOINT WARNING * * *
You hit Terence but do no damage.
Terence is almost dead.
Terence closely misses you.
Throw: 5 boomerangs (disperse)
Press: ? - help, Q - select action, (/) - cycle Shift-Dir - straight line, f - Terence
Aim: Terence, wielding a +0 mace and wearing a +0 scale mail (almost dead, 64% to hit)
You throw a boomerang of dispersal.
The boomerang of dispersal barely misses Terence.
Terence hits you with a +0 mace!
You die...

.≈≈≈
#...##.###.#
.≈≈≈
#..........#
.≈≈≈
#...##.#.#.#
..≈≈
#...##.#.#.# #
..
#<..##.#.#.# #
##...##.....#
..........#.#
.#...#..###.#
#.
.........K@@.#
..
........######
..
..>..........#
#.
.#........K..#
#...........#
#...........#
+........†..#
#...........#
#...........#


You could see Terence and a kobold.

Vanquished Creatures
  2 dart slugs (D:1)
  5 ball pythons
  2 endoplasms (D:1)
  3 giant cockroaches
  2 goblins
  6 hobgoblins
  2 quokkas (D:1)
  4 bats
  6 frilled lizards
  5 kobolds
  4 rats (D:1)
41 creatures vanquished.

Notes
Turn   | Place    | Note
-------+----------+-------------------------------------------
     0 | D:1      | Shayle the Gnoll Warper began the quest for the Orb.
     0 | D:1      | Reached XP level 1. HP: 20/20 MP: 6/6
     2 | D:1      | Noticed a ghoul
     4 | D:1      | Noticed a vine stalker
     6 | D:1      | Noticed a tengu
     9 | D:1      | Noticed an elf
    11 | D:1      | Noticed a draconian
    15 | D:1      | Noticed a demonspawn
    15 | D:1      | Noticed a draconian
    17 | D:1      | Noticed a demigod
    17 | D:1      | Noticed a vine stalker
   326 | D:1      | Reached XP level 2. HP: 14/26 MP: 7/7
   855 | D:1      | Reached XP level 3. HP: 31/31 MP: 9/9
   905 | D:1      | Reached skill level 5 in Spellcasting
  1064 | D:1      | Found a faded altar of an unknown god.
  1248 | D:2      | Reached skill level 1 in Invocations
  1467 | D:2      | Noticed Terence
  1499 | D:2      | Slain by Terence

Illustrated notes

Levels and vault maps discovered:
D:1:      shiori_arrival_whats_in_store_for_you, layout_basic,
          basic_ecumenical_altar
D:2:      layout_basic, serial_shops, nicolae_lakefront_shop, uniq_natasha,
          uniq_terence

Skill      XL: |  1  2  3 |
---------------+----------+-----
Spellcasting   | 5 |  5.0
Invocations    | 1 |  1.0
Fighting       | |  4.5
Short Blades   | |  0.9
Long Blades    | |  0.9
Axes           | |  0.9
Maces & Flails | |  0.9
Polearms       | |  0.9
Staves         | |  0.9
Slings         | |  0.9
Bows           | |  0.9
Crossbows      | |  0.9
Throwing       | |  2.6
Armour         | |  2.6
Dodging        | |  4.5
Stealth        | |  0.9
Shields        | |  0.9
Unarmed Combat | |  4.5
Conjurations   | |  0.6
Hexes          | |  0.6
Summonings     | |  0.6
Necromancy     | |  0.6
Translocations | |  5.4
Transmutations | |  0.6
Fire Magic     | |  0.6
Ice Magic      | |  0.6
Air Magic      | |  0.6
Earth Magic    | |  0.6
Poison Magic   | |  0.6
Evocations     | |  0.9

Action                   || total
-------------------------++-------
Melee: Unarmed           ||   146
       Bite              ||     7
       Punch             ||     1
Throw: Boomerang         ||     1
  Use: Scroll            ||     1
 Stab: Sleeping          ||     2
Armor: Leather armour    ||    24
Dodge: Dodged            ||   107

Table legend: (Time is in decaauts)
 A = Elapsed time spent in this place.
 B = Non-inter-level travel time spent in this place.
 C = Inter-level travel time spent in this place.
 D = Time resting spent in this place.
 E = Time spent auto-exploring this place.
 F = Levels seen in this place.
 G = Mean time per level.
                   A        B        C        D        E       F      G
               +--------+--------+--------+--------+--------+-----+--------+
         Total |   1485 |   1469 |     16 |    117 |    914 |   2 |  742.5 |
       Dungeon |   1485 |   1469 |     16 |    117 |    914 |   2 |  742.5 |
               +--------+--------+--------+--------+--------+-----+--------+

Top non-repeatable levels by time:
     D:1: 1229 daAuts
     D:2: 256 daAuts
